 Dungeon Crawl Stone Soup version 0.28.0-45-g0d030f2227 (webtiles) character file.

Game seed: 697344967449168962

67119 Kenran the Brawler (level 14, -6/128 HPs)
             Began as a Palentonga Monk on Apr 24, 2022.
             Was a High Priest of Ru.
             Mangled by an orc warlord
             ... wielding a +0 dire flail
              (26 damage)
             ... on level 1 of the Orcish Mines.
             The game lasted 01:03:53 (25420 turns).

Kenran the Brawler (Palentonga Monk)               Turns: 25420, Time: 01:03:54

Health: -6/128     AC: 29    Str: 19    XL:     14   Next: 81%
Magic:  14/14      EV:  9    Int: 17    God:    Ru [*****.]
Gold:   1319       SH: 16    Dex: 15    Spells: 13/13 levels left

rFire   + . .      SeeInvis +     - Unarmed
rCold   + . .      Faith    .   w - +0 kite shield
rNeg    . . .      Spirit   .   N - +0 acid dragon scales
rPois   +          Reflect  +   h - +0 helmet
rElec   .          Harm     .   A - +0 cloak
rCorr   +          Rampage  .   (no gloves)
Will    +....                   i - +2 barding {rC+}
Stlth   ..........              s - amulet of reflection
HPRegen 0.00/turn               j - +4 ring of protection
MPRegen 0.14/turn               K - ring of Mysticism {rPois rF+ Int+6 Dex+2}

@: inhibited regen, curled up
A: large, rugged brown scales 3, see invisible, deformed body, inhibited
regeneration, no stealth, inability to use devices, hated by all, no
conjurations magic, no hexes magic, no poison magic, roll 1, armoured tail,
reflexive curl, screaming 1
a: Rolling Charge, Renounce Religion, Draw Out Power, Power Leap, Apocalypse


You were on level 1 of the Orcish Mines.
You worshipped Ru.
Ru was extremely pleased with you.
You visited 4 branches of the dungeon, and saw 20 of its levels.
You also visited: Ossuary and Bailey.

You collected 1943 gold pieces.
You spent 624 gold pieces at shops.

Inventory:

Armour
 h - a +0 helmet (worn)
 i - a +2 barding of cold resistance (worn)
 t - a scarf of repulsion
 w - a +0 kite shield (worn)
 A - a +0 cloak (worn)
 N - +0 acid dragon scales (worn)
Jewellery
 j - a +4 ring of protection (left hand)
 s - an amulet of reflection (around neck)
 K - the ring of Mysticism (right hand) {rPois rF+ Int+6 Dex+2}
   (You found it on level 7 of the Dungeon)

   [ring of intelligence]

   Int:       It affects your intelligence (+6).
   Dex:       It affects your dexterity (+2).
   rF:        It protects you from fire.
   rPois:     It protects you from poison.
 L - the ring of Vonupn {+Blink rN+++ Int-4 Dex-2 SInv}
   (You found it on level 2 of the Lair of Beasts)

   [ring of see invisible]

   Int:       It affects your intelligence (-4).
   Dex:       It affects your dexterity (-2).
   rN:        It renders you almost immune to negative energy.
   SInv:      It lets you see invisible.
   +Blink:    It lets you blink.
Scrolls
 a - a scroll of enchant weapon
 b - a scroll of fog
 c - 4 scrolls of immolation
 d - 4 scrolls of fear
 e - 3 scrolls of brand weapon
 f - 3 scrolls of magic mapping
 k - 9 scrolls of teleportation
 l - 4 scrolls of holy word
 p - a scroll of summoning {unknown}
 u - 2 scrolls of amnesia
 x - a scroll of silence
 y - a scroll of enchant armour {unknown}
 H - 4 scrolls of identify
Potions
 g - a potion of brilliance {unknown}
 m - 2 potions of mutation {unknown}
 n - 3 potions of invisibility
 o - 3 potions of resistance
 q - 3 potions of heal wounds
 r - a potion of attraction {unknown}
 v - 5 potions of might
 B - 3 potions of cancellation {unknown}
 C - 2 potions of ambrosia
 D - 3 potions of lignification
 E - 3 potions of curing
 F - a potion of berserk rage
 G - a potion of haste {unknown}
 J - 2 potions of flight
Miscellaneous
 M - a phial of floods


   Skills:
 - Level 14.0 Fighting
 * Level 8.8 Armour
 - Level 6.0 Dodging
 + Level 8.3 Shields
 - Level 17.0 Unarmed Combat


You had 13 spell levels left.
You didn't know any spells.
Your spell library contained the following spells:

 Spells                   Type           Power      Damage    Failure   Level
 Apportation              Tloc           0%         N/A       50%         1
 Beastly Appendage        Tmut           0%         N/A       50%         1
 Scorch                   Fire           0%         2d5       65%         2
 Sublimation of Blood     Necr           0%         N/A       65%         2
 Wereblood                Tmut           0%         N/A       65%         2
 Frozen Ramparts          Ice            0%         1d2       86%         3
 Ice Form                 Ice/Tmut       0%         N/A       99%         4
 Petrify                  Tmut/Erth      0%         N/A       99%         4
 Summon Small Mammal      Summ           Unusable   N/A       N/A         1
 Call Canine Familiar     Summ           Unusable   N/A       N/A         3
 Conjure Flame            Conj/Fire      Unusable   6-21      N/A         3
 Ignite Poison            Fire/Tmut/Pois Unusable   N/A       N/A         3
 Spider Form              Tmut/Pois      Unusable   N/A       N/A         3
 Summon Guardian Golem    Hex/Summ       Unusable   N/A       N/A         3
 Flame Wave               Conj/Fire      Unusable   2d4       N/A         4
 Sticky Flame             Conj/Fire      Unusable   2d3       N/A         4
 Summon Ice Beast         Ice/Summ       Unusable   N/A       N/A         4
 Alistair's Intoxication  Tmut/Pois      Unusable   N/A       N/A         5
 Irradiate                Conj/Tmut      Unusable   3d13      N/A         5
 Summon Forest            Summ/Tloc      Unusable   N/A       N/A         5
 Summon Mana Viper        Hex/Summ       Unusable   N/A       N/A         5
 Summon Cactus Giant      Summ           Unusable   N/A       N/A         6
 Summon Hydra             Summ           Unusable   N/A       N/A         7

Dungeon Overview and Level Annotations

Branches:
Dungeon (11/15)            Temple (1/1) D:6            Lair (6/6) D:11
 Shoals (0/4) Lair:4        Snake (0/4) Lair:3          Orc (2/2) D:9
    Elf (0/3) Orc:2       Ossuary (visited)          Bailey (visited)
  Slime: Lair:5-6

Altars:
Ashenzari
Cheibriados
Dithmenos
Elyvilon
Fedhas
Gozag
Hepliaklqana
Kikubaaqudgha
Makhleb
Nemelex Xobeh
Okawaru
Qazlal
Ru
Sif Muna
Trog
Uskayaw
Vehumet
Wu Jian
Xom
Yredelemnul
Zin
The Shining One
Beogh
Jiyva

Shops:
D:1 ?   Orc:2 [([[([(

Annotations:
Orc:2 exclusion: orange crystal statue


Innate Abilities, Weirdness & Mutations

You are completely covered in rugged brown scales. (AC +3, +7% HP)
You have supernaturally acute eyesight. (SInv)
Armour fits poorly on your strangely shaped body.
You do not regenerate when monsters are visible.
You cannot be stealthy.
You cannot study or use magical devices.
You are hated by all.
You cannot study or cast Conjurations magic.
You cannot study or cast Hexes magic.
You cannot study or cast Poison magic.
You can roll at nearby foes to attack.
You have a long armoured tail.
You curl defensively after being hit. (AC +7*)
You occasionally shout uncontrollably at your foes.


Message History

The orc warlord is severely wounded.
You block the orc warlord's attack.
The orc warrior hits you but does no damage.
You punch the orc warlord!
The orc warlord is severely wounded.
The orc warrior no longer looks unusually strong.
The orc warlord roars a battlecry!
The orc warrior goes into a battle-frenzy!
You closely miss the orc warlord.
The orc warlord is severely wounded.
You block the orc warrior's attack.
You barely miss the orc warlord.
Your tail-slap misses the orc warlord.
The orc warlord is severely wounded.
You block the orc warlord's attack.
The orc warrior hits you with a +0 hand axe.
You punch the orc warlord!
The orc warlord is almost dead.
The orc warlord hits you but does no damage.
You block the orc warrior's attack.
You punch the orc warlord!
The orc warlord is almost dead.
The orc warlord hits you but does no damage.
You block the orc warrior's attack.
You hit the orc warlord.
You tail-slap the orc warlord, but do no damage.
The orc warlord is almost dead.
The orc warlord hits you with a +0 dire flail!!
You barely miss the orc warlord. You tail-slap the orc warlord.
The orc warlord is almost dead.
The orc warrior hits you with a +0 hand axe.
You hit the orc warlord but do no damage.
You tail-slap the orc warlord, but do no damage.
The orc warlord is almost dead.
You block the orc warlord's attack.
The orc warrior hits you with a +0 hand axe!!
* * * LOW HITPOINT WARNING * * *
You hit the orc warlord but do no damage.
The orc warlord is almost dead.
The orc warlord hits you with a +0 dire flail!!
You die...

.......#.......... .#..
#...... #.......# ....
#......###......# #....
........###.....####....
.......#.........#...#
#.........#....#..#
#......).###.)...#
####[oo.## ####'##
###))@...#####8.8####
###.[...[..#.#.#......##
#..[>.).#....#.........#
#..)).####...##......^##
#......## #)...#........#
##......
#....###.......##
##.....###....##...)....#
##..... ..#.###.......8#
###......#.##.#.....###


You could see an orc warlord and an orc warrior (strong).

Vanquished Creatures
  An orc warlord (Orc:2)
  The ghost of GreyFruit the Thaumaturge, a journeyman DrCj of Vehumet (Orc:2)
  10 hydras
  4 ogre magi
  2 boulder beetles (Lair:3)
  20 two-headed ogres
  2 orc high priests (Orc:1)
  The ghost of mistmaker the Zephyrmancer, a novice TeAE of Vehumet (D:9)
  The ghost of weresquid the Basher, a novice GrGl of the Shining One (D:8)
  A lindwurm (Lair:2)
  A deep elf archer (Orc:1)
  A deep elf pyromancer (Orc:1)
  A harpy (Lair:6)
  2 orc sorcerers
  A cyclops (Orc:2)
  5 centaur zombies
  7 elephants
  A moth of wrath (Lair:2)
  4 black mambas
  9 cane toads
  A torpor snail (Lair:5)
  A kobold demonologist (D:9)
  An unseen horror (D:11)
  4 rime drakes
  Psyche (D:10)
  7 komodo dragons
  2 trolls
  27 blink frogs
  2 wind drakes (Lair:6)
  8 polar bears
  3 hornets
  2 slime creatures (D:8)
  A snapping turtle (Lair:4)
  A vampire (D:9)
  A wraith (Ossuary)
  24 yaks
  3 shadows
  7 wyverns
  2 basilisks
  2 neqoxecs (D:9)
  2 steam dragons
  16 water moccasins
  2 acid dragons
  A hornet zombie (D:5)
  18 orc warriors
  A sky beast (D:5)
  5 black bears
  32 ogres
  2 necrophages (D:6)
  18 wolves
  8 centaurs
  4 kobold brigands
  15 bullfrogs
  2 gnoll sergeants
  A scorpion (D:5)
  A water moccasin zombie (D:6)
  2 wyvern zombies
  16 killer bees (D:9)
  3 wights (D:8)
  An electric eel (Lair:4)
  2 howler monkeys
  A quasit (D:9)
  4 jellies (D:8)
  2 gnoll shamans
  2 bullfrog skeletons (D:6)
  2 centaur skeletons
  10 orc priests
  8 hounds
  Jessica (D:3)
  2 iguanas
  Natasha (thrice) (D:2)
  13 orc wizards
  A hound skeleton (D:4)
  3 mummies (Ossuary)
  2 howler monkey zombies
  Robin (D:3)
  20 gnolls
  6 adders
  A white imp (D:7)
  3 ufetubi
  A dart slug (D:1)
  62 orcs
  4 ball pythons
  4 endoplasms
  A giant cockroach (D:2)
  13 goblins
  9 hobgoblins
  A jackal (D:1)
  37 kobolds
  6 quokkas
  2 bats (D:1)
  A frilled lizard (D:1)
  5 goblin zombies (Ossuary)
  2 hobgoblin zombies (Ossuary)
  5 kobold zombies (Ossuary)
  3 rats
568 creatures vanquished.

Vanquished Creatures (others)
  The ghost of jaiteiro the Thaumaturge, a journeyman DrFE of the Shining One (Lair:2)
  A two-headed ogre (Orc:1)
  A harpy (Lair:6)
  3 orc warriors
  An ogre (Orc:2)
  A wolf (Lair:3)
  A quasit (D:9)
  An orc wizard (Orc:2)
  An orc (Orc:2)
  24 fungi
  38 plants
73 creatures vanquished.

Grand Total: 641 creatures vanquished

Notes
Turn   | Place    | Note
-------+----------+-------------------------------------------
     0 | D:1      | Kenran the Palentonga Monk began the quest for the Orb.
     0 | D:1      | Reached XP level 1. HP: 19/19 MP: 1/1
   320 | D:1      | Reached XP level 2. HP: 22/25 MP: 2/2
   680 | D:1      | Found Ubicsao's Magic Scroll Emporium.
  1349 | D:2      | Reached XP level 3. HP: 18/31 MP: 3/3
  1628 | D:2      | Reached skill level 4 in Unarmed Combat
  1644 | D:2      | Found a faded altar of an unknown god.
  2041 | D:2      | Noticed Natasha
  2049 | D:2      | Killed Natasha
  2222 | D:2      | Noticed Natasha
  2232 | D:2      | Killed Natasha
  2233 | D:2      | Reached XP level 4. HP: 37/39 MP: 4/4
  2440 | D:2      | Noticed Natasha
  2448 | D:2      | Killed Natasha
  2518 | D:3      | Noticed Jessica
  2523 | D:3      | Killed Jessica
  2524 | D:3      | Reached skill level 5 in Unarmed Combat
  2524 | D:3      | Reached XP level 5. HP: 44/44 MP: 5/5
  2866 | D:3      | Noticed Robin
  2889 | D:3      | Killed Robin
  3709 | D:4      | Noticed an ogre
  3906 | D:4      | Reached XP level 6. HP: 47/52 MP: 6/6
  4077 | D:4      | Reached skill level 6 in Unarmed Combat
  4546 | D:4      | Reached skill level 5 in Fighting
  4824 | D:4      | Reached skill level 7 in Unarmed Combat
  4824 | D:4      | Gained mutation: You curl defensively after being hit. (AC
                  | +7*) [Palentonga growth]
  4824 | D:4      | Reached XP level 7. HP: 59/59 MP: 7/7
  4830 | D:5      | Entered Level 5 of the Dungeon
  5451 | D:5      | Reached skill level 8 in Unarmed Combat
  5451 | D:5      | Reached XP level 8. HP: 46/69 MP: 8/8
  6039 | D:5      | Reached skill level 9 in Unarmed Combat
  6553 | D:6      | Reached skill level 10 in Unarmed Combat
  6592 | D:6      | Found a staircase to the Ecumenical Temple.
  6603 | D:6      | Reached XP level 9. HP: 62/77 MP: 9/9
  6615 | Temple   | Entered the Ecumenical Temple
  6746 | Temple   | Became a worshipper of Ru the Awakened
  6771 | D:6      | Gained mutation: You cannot study or cast Poison magic. [Ru
                  | sacrifice]
  6771 | D:6      | Gained mutation: You cannot study or cast Hexes magic. [Ru
                  | sacrifice]
  6771 | D:6      | Gained mutation: You cannot study or cast Conjurations
                  | magic. [Ru sacrifice]
  6771 | D:6      | Reached * piety under Ru
  6815 | D:6      | Reached skill level 1 in Armour
  6815 | D:6      | Reached skill level 1 in Shields
  7161 | D:7      | Found a transporter.
  7167 | D:7      | Found a transporter.
  7169 | D:7      | Noticed a two-headed ogre
  7828 | D:7      | Reached skill level 11 in Unarmed Combat
  8292 | D:8      | Found a sand-covered staircase.
  8316 | Ossuary  | Entered an ossuary
  8450 | Ossuary  | Reached XP level 10. HP: 85/85 MP: 10/10
  8776 | D:8      | Found a runed translucent gate.
  8776 | D:8      | Found a runed translucent gate.
  8776 | D:8      | Found a runed translucent gate.
  8777 | D:8      | Noticed weresquid's ghost (novice GrGl)
  8905 | D:8      | Gained mutation: You cannot be stealthy. [Ru sacrifice]
  8905 | D:8      | Reached ** piety under Ru
  8995 | D:8      | Found a viscous altar of Jiyva.
  9279 | D:9      | Found a snail-covered altar of Cheibriados.
  9310 | D:9      | Noticed a smoke demon
  9311 | D:9      | Noticed a sun demon
  9354 | D:9      | Reached skill level 12 in Unarmed Combat
  9399 | D:9      | Found a staircase to the Orcish Mines.
  9587 | D:9      | Noticed a two-headed ogre
  9743 | D:9      | Found a transporter.
  9743 | D:9      | Noticed mistmaker's ghost (novice TeAE)
  9826 | D:9      | Found a transporter.
  9853 | D:9      | Reached skill level 10 in Fighting
 10424 | D:9      | Killed a two-headed ogre
 10536 | D:10     | Entered Level 10 of the Dungeon
 10593 | D:10     | Found a flagged portal.
 10625 | Bailey   | Entered a bailey
 10783 | D:10     | Noticed Psyche
 10790 | D:10     | Killed Psyche
 10791 | D:10     | Reached XP level 11. HP: 94/96 MP: 11/11
 10882 | D:10     | Noticed a two-headed ogre
 10887 | D:10     | Killed a two-headed ogre
 10964 | D:10     | You fall into a shaft and drop 1 floor!
 11025 | D:11     | Found a staircase to the Lair.
 11220 | D:10     | Gained mutation: You cannot study or use magical devices.
                  | [Ru sacrifice]
 11220 | D:10     | Reached *** piety under Ru
 11220 | D:10     | Reached **** piety under Ru
 11482 | D:10     | Reached skill level 5 in Armour
 11482 | D:10     | Reached skill level 5 in Shields
 11526 | D:10     | Reached skill level 13 in Unarmed Combat
 11890 | D:11     | Noticed a two-headed ogre
 11900 | D:11     | Killed a two-headed ogre
 12138 | Lair:1   | Entered Level 1 of the Lair of Beasts
 12167 | D:11     | Reached skill level 14 in Unarmed Combat
 12455 | Lair:1   | Noticed a seven-headed hydra
 12614 | Lair:2   | Noticed a five-headed hydra
 12618 | Lair:2   | Killed a five-headed hydra
 12619 | Lair:2   | Reached XP level 12. HP: 75/105 MP: 12/12
 12787 | Lair:2   | Noticed a four-headed hydra
 12794 | Lair:2   | Killed a four-headed hydra
 13016 | Lair:2   | Noticed jaiteiro's ghost (journeyman DrFE)
 13025 | Lair:2   | Found a transporter.
 13033 | Lair:2   | Noticed a four-headed hydra
 13039 | Lair:2   | Killed a four-headed hydra
 13099 | Lair:2   | Found a transporter.
 13473 | Lair:2   | Gained mutation: You do not regenerate when monsters are
                  | visible. [Ru sacrifice]
 13473 | Lair:2   | Reached ***** piety under Ru
 13786 | D:1      | Bought a scroll of acquirement for 624 gold pieces
 13786 | D:1      | Acquired a +2 barding of cold resistance
 14052 | D:11     | Killed a seven-headed hydra
 14574 | Lair:1   | Noticed an eight-headed hydra
 14580 | Lair:1   | Killed an eight-headed hydra
 14581 | Lair:1   | Reached skill level 5 in Dodging
 14776 | Lair:1   | Reached skill level 15 in Unarmed Combat
 15774 | Lair:3   | Noticed a four-headed hydra
 15780 | Lair:3   | Killed a four-headed hydra
 15781 | Lair:3   | Reached XP level 13. HP: 107/115 MP: 13/13
 16388 | Lair:3   | Found a staircase to the Snake Pit.
 16709 | Lair:3   | Reached skill level 16 in Unarmed Combat
 17842 | Lair:4   | Found a staircase to the Shoals.
 18377 | Lair:5   | Found a bloodstained altar of Trog.
 19470 | Lair:6   | Entered Level 6 of the Lair of Beasts
 20146 | Lair:6   | Noticed a dire elephant
 20400 | D:7      | Identified the ring of Mysticism {rPois rF+ Int+6 Dex+2}
 20959 | D:8      | Killed weresquid's ghost
 20980 | D:8      | Reached XP level 14. HP: 87/126 MP: 14/14
 21208 | D:9      | Gained mutation: You occasionally shout uncontrollably at
                  | your foes. [a neqoxec]
 21212 | D:9      | Killed mistmaker's ghost
 21383 | Lair:2   | Identified the ring of Vonupn {+Blink rN+++ Int-4 Dex-2
                  | SInv}
 21402 | Lair:2   | Killed jaiteiro's ghost
 21654 | Orc:1    | Entered Level 1 of the Orcish Mines
 21806 | Orc:2    | Entered Level 2 of the Orcish Mines
 21834 | Orc:2    | Found Jeic's Antique Armour Boutique.
 21898 | Orc:2    | Found a staircase to the Elven Halls.
 21996 | Orc:2    | Found Xapiekhlu's Weapon Shop.
 22248 | Orc:2    | Found a runed translucent door.
 22249 | Orc:2    | Noticed GreyFruit's ghost (journeyman DrCj)
 22287 | Orc:2    | Found Emoyrph's Weapon Shop.
 22287 | Orc:2    | Found Xiog's Armour Emporium.
 22287 | Orc:2    | Found Jiuc's Antique Armour Boutique.
 22287 | Orc:2    | Found Buireun's Weapon Boutique.
 22287 | Orc:2    | Found Geologet's Antique Armour Shoppe.
 22350 | Orc:2    | Found a shimmering blue altar of Sif Muna.
 22998 | Orc:1    | Gained mutation: You are hated by all. [Ru sacrifice]
 23084 | Orc:1    | Paralysed by an ogre mage for 5 turns
 23362 | Orc:2    | Killed GreyFruit's ghost
 24068 | Orc:2    | Reached skill level 17 in Unarmed Combat
 25015 | Orc:1    | Noticed an orc warlord
 25124 | Orc:2    | Killed an orc warlord
 25378 | Orc:1    | Noticed an orc warlord
 25420 | Orc:1    | Mangled by an orc warlord

Illustrated notes

Levels and vault maps discovered:
D:1:      nagdon_arrival_zigzag_paths, layout_basic, serial_shops, shop,
          hangedman_feature_mirror, nrook_loot_triangle, chequers_avenue
D:2:      layout_loops_ring, dreamdust_ecumenical_altar_grove,
          chequers_serial_rivers_micro_b, chequers_hall_statues_wall_a,
          uniq_natasha
D:3:      layout_basic, serial_curves, eino_curves_03, eino_curves_01,
          serial_bayou_pond_d, minmay_misc_feat_rugged, uniq_robin, uniq_jessica
D:4:      layout_cave_pools, serial_column_ruins, column_ruins_hut_ruined,
          column_ruins_hut, column_ruins_grid_4, column_ruins_grid_1,
          column_ruins_corridor_dead_end, column_ruins_corridor_straight
D:5:      layout_loops_cross
D:6:      layout_cave_pools, minmay_temple_entry_stoned_glass,
          grunt_ministairs_6, centaur_isle
D:7:      gammafunk_beogh_shrine, layout_loops_ring, small_statue_intersection,
          kennysheep_generic_room_6
D:8:      layout_loops_cross, gammafunk_ghost_ooze, nicolae_ossuary_entry_ruins
D:9:      layout_grid_maze, mainiacjoe_overflow_surrounded_room, david_orc_3,
          gammafunk_ghost_stat_death, minmay_between
D:10:     layout_basic, enter_bailey_6, uniq_psyche
D:11:     layout_roguey, david_lair_generic
Temple:   grunt_wide_crystal_templ
Lair:1:   cheibrodos_lair_river_kwai, layout_misc_corridors
Lair:2:   layout_concentric_octagons, gammafunk_ghost_berserking_beasts
Lair:3:   nzn_winding_woodlands_three_and_one
          [nzn_winding_woodlands_5x15_parted,
          nzn_winding_woodlands_5x15_sawtooth,
          nzn_winding_woodlands_5x15_lazy_stream,
          nzn_winding_woodlands_center_pierced_h], layout_concentric_octagons
Lair:4:   layout_cave_shapes, minmay_shoals_entry_hut, grunt_megastairs_3
Lair:5:   layout_gridlike, basic_altar
Lair:6:   gammafunk_lair_ancient_temple, layout_gridlike,
          dpeg_slime_entry_enclosed_altar, serial_bayou_shore_b
Orc:1:    layout_diamond_mine, elf_legates
Orc:2:    st_orc_ogre_mass, layout_diamond_mine, serial_shops, statue_bzr, shop,
          nicolae_shop_bloodbath_and_beyond, nicolae_shop_advertising_works
          [nicolae_subvault_shop_adworks], ebering_ghost_inner_flame,
          led_sif_book

Skill      XL: |  1  2  3  4  5  6  7  8  9 10 11 12 13 14 |
---------------+-------------------------------------------+-----
Unarmed Combat | 4 5 7 8 10 11 12 14 15 16 17 | 17.0
Fighting       | 4 5 6 7 8 10 12 13 14 | 14.0
Armour         | 3 4 5 6 8 |  8.8
Shields        | 3 4 5 6 7 8 |  8.3
Stealth        | 0 |  0.0
Dodging        | 3 5 6 |  6.0

Action                   |  1- 3 |  4- 6 |  7- 9 | 10-12 | 13-15 || total
-------------------------+-------+-------+-------+-------+-------++-------
Melee: Unarmed           |    75 |   157 |   399 |   819 |   922 ||  2372
       Tailslap          |     8 |    20 |    66 |   113 |   190 ||   397
       Punch             |     3 |     9 |     9 |       |       ||    21
Throw: Throwing net      |       |       |       |     1 |       ||     1
Invok: Sacrifice Arcana  |       |       |     1 |       |       ||     1
       Sacrifice Stealth |       |       |       |     1 |       ||     1
       Sacrifice Artific |       |       |       |     1 |       ||     1
       Sacrifice Purity  |       |       |       |     1 |       ||     1
       Draw Out Power    |       |       |       |       |     2 ||     2
       Sacrifice Love    |       |       |       |       |     1 ||     1
 Abil: Rolling Charge    |       |       |     1 |     7 |     5 ||    13
  Use: Scroll            |     1 |     2 |     2 |    17 |     1 ||    23
       Potion            |       |       |     1 |     1 |     2 ||     4
 Stab: Sleeping          |     3 |       |       |       |       ||     3
       Invisible         |       |       |       |     3 |    10 ||    13
       Distracted        |       |       |       |     2 |     2 ||     4
       Paralysed         |       |       |       |     1 |       ||     1
Armor: Robe              |    16 |       |       |       |       ||    16
       Ring mail         |     1 |    52 |   209 |    58 |       ||   320
       Acid dragon scale |       |       |       |   284 |   281 ||   565
Dodge: Dodged            |    33 |    82 |   153 |   283 |   199 ||   750
       Repelled          |       |       |     2 |       |       ||     2
Block: Other             |       |       |    13 |       |       ||    13
       Kite shield       |       |       |    96 |   449 |   593 ||  1138
       Reflection        |       |       |       |       |    32 ||    32
